 Dungeon Crawl Stone Soup version 0.31.0-11-ge490571c62 (webtiles) character file.

Game seed: 526958814379565663

19 stipulation the Grave Robber (level 2, -1/13 HPs)
             Began as a Vine Stalker Necromancer on Jan 27, 2024.
             Slain by a ribbon worm (8 damage)
             ... on level 2 of the Dungeon.
             The game lasted 00:00:55 (1117 turns).

stipulation the Grave Robber (VSNe)                 Turns: 1117, Time: 00:00:56

Health: -1/13      AC:  3    Str: 10    XL:     2   Next: 75%
Magic:  0/6        EV: 12    Int: 15    God:
Gold:   34         SH:  0    Dex: 14    Spells: 5/6 levels left

rFire   . . .        (no weapon)
rCold   . . .        (no shield)
rNeg    . . .        a - +0 robe
rPois   .            (no helmet)
rElec   .            (no cloak)
rCorr   +            h - +0 pair of gloves
SInv    .            (no boots)
Will    .....        (no amulet)
Stlth   ++           k - ring of resist corrosion
HPRegen 1.02/turn    (no ring)
MPRegen 0.10/turn

%: guardian spirit
@: no status effects
A: fangs 2, regeneration 1, magic shield, antimagic bite, no potion heal 2
a: no special abilities


You were on level 2 of the Dungeon.
You visited 1 branch of the dungeon, and saw 2 of its levels.

You collected 34 gold pieces.

Inventory:

Armour
 a - a +0 robe (worn)
 h - a +0 pair of gloves (worn)
Jewellery
 k - a ring of resist corrosion (left hand)
Scrolls
 c - a scroll of noise {unknown}
 d - a scroll of vulnerability {unknown}
 f - a scroll of identify {unknown}
 i - a scroll of blinking {unknown}
 j - a scroll of revelation
 l - 2 scrolls of immolation {unknown}
 m - a scroll of fog {unknown}
 n - 2 scrolls of teleportation {unknown}
Potions
 b - a potion of magic
 e - 2 potions of attraction {unknown}
 g - a potion of haste {unknown}


   Skills:
 - Level 1.5 Dodging
 - Level 2.4 Stealth
 + Level 2.8 Spellcasting
 + Level 4.4 Necromancy


You had 5 spell levels left.
You knew the following spells:

 Your Spells              Type           Power      Damage    Failure   Level
a - Necrotise             Necr           60%        1d7       3%          1

Your spell library contained the following spells:

 Spells                   Type           Power      Damage    Failure   Level
 Vampiric Draining        Necr           15%        2d7       10%         3
 Animate Dead             Necr           15%        N/A       32%         4
 Curse of Agony           Necr           15%        N/A       67%         5


Dungeon Overview and Level Annotations

Branches:
Dungeon (2/15)

Altars:


Innate Abilities, Weirdness & Mutations

You have extremely sharp teeth.
Your natural rate of healing is unusually fast.
When hurt, damage is shared between your health and your magic reserves.
Your bite disrupts and absorbs the magic of your enemies.
Potions cannot restore your health.


Message History

You are caught in a web!
You are caught in a web!
You are caught in a web!
You are caught in a web!
The web tears apart.
The ribbon worm attacks as it pursues you!
The ribbon worm bites you.
You are too injured to fight recklessly!
You are too injured to fight recklessly!
You are too injured to fight recklessly!
You are too injured to fight recklessly!
You are too injured to fight recklessly!
Casting: Necrotise (safe; 3% risk of failure)
Confirm with . or Enter, or press ? or * to list all spells.
You don't know that spell.
Unknown command.
You are too injured to fight recklessly!
You are too injured to fight recklessly!
You are too injured to fight recklessly!
You are too injured to fight recklessly!
Casting: Necrotise (safe; 3% risk of failure)
Confirm with . or Enter, or press ? or * to list all spells.
Aiming: Necrotise (safe; 3% risk of failure)
Press: ? - help, Shift-Dir - straight line, f/p - ribbon worm
Aim: a ribbon worm (chance to affect: 79%)
The ribbon worm writhes in agony.
Casting: Necrotise (safe; 3% risk of failure)
Confirm with . or Enter, or press ? or * to list all spells.
Aiming: Necrotise (safe; 3% risk of failure)
Press: ? - help, Shift-Dir - straight line, f/p - ribbon worm
Aim: a ribbon worm (lightly wounded, chance to affect: 79%)
The ribbon worm writhes in agony.
The ribbon worm bites you.
Casting: Necrotise (safe; 3% risk of failure)
Confirm with . or Enter, or press ? or * to list all spells.
Aiming: Necrotise (safe; 3% risk of failure)
Press: ? - help, Shift-Dir - straight line, f/p - ribbon worm
Aim: a ribbon worm (moderately wounded, chance to affect: 79%)
The ribbon worm writhes in agony.
The ribbon worm bites you!
Ouch! That really hurt!
You die...

######## .......#
.......# ### .......#
.... .......# .....
.......############......
.......'........@w'>.....
.......############......
######## #..?# ###


You could see a ribbon worm.

Vanquished Creatures
  A dart slug (D:1)
  A bat (D:1)
  2 endoplasms
  2 goblins
  2 hobgoblins (D:1)
  3 kobolds
  A quokka (D:1)
  A ball python (D:2)
  A frilled lizard (D:1)
  2 rats (D:1)
16 creatures vanquished.

Notes
Turn   | Place    | Note
-------+----------+-------------------------------------------
     0 | D:1      | stipulation the Vine Stalker Necromancer began the quest
                  | for the Orb.
     0 | D:1      | Reached XP level 1. HP: 9/9 MP: 4/4
   299 | D:1      | Reached XP level 2. HP: 13/13 MP: 3/6
  1117 | D:2      | Slain by a ribbon worm

Illustrated notes

Levels and vault maps discovered:
D:1:      nicolae_arrival_washed_ashore, layout_basic, serial_aquarium,
          aquarium_bridge_square [aquarium_subvault_bridge,
          aquarium_subvault_window, aquarium_subvault_window,
          aquarium_subvault_wall], aquarium_window_2, aquarium_window_fake,
          aquarium_view_2e, aquarium_balcony_5b
D:2:      layout_basic, basic_altar

Action                     || total
---------------------------++-------
  Melee: Unarmed           ||     3
         Bite              ||     2
   Cast: Necrotise         ||    33
    Use: Scroll            ||     1
 Armour: Robe              ||     4
  Dodge: Dodged            ||     1
